Construct Section Command Post
Selects Indian Artillery Battlegroup
Construct Field Infirmary
Construct Platoon Command Post
Unlock M3 Stuart Light Tanks
Unlock Bishop Self-propelled Artillery
6-pounder Anti-tank Gun Team
Selects Gurkha Rifles Section
Selects Artillery Saturation
Bishop Self-propelled Artillery
Selects Off-map Airburst Barrage
Construct Company Command Post
Selects Perimeter Monitor
6-pounder Anti-tank Gun Team